 Dungeon Crawl Stone Soup version 0.31-a0-408-gb642c7f9a3 (webtiles) character file.

Game seed: 6543263398702945789

42 shadowstone the Changeling (level 3, -4/23 HPs)
             Began as an Octopode Shapeshifter on July 29, 2023.
             Was a Follower of Makhleb.
             Killed from afar by an orc wizard (10 damage)
             ... with a puff of flame
             ... on level 3 of the Dungeon.
             The game lasted 00:06:05 (1631 turns).

shadowstone the Changeling (Octopode Shapeshifter)  Turns: 1631, Time: 00:06:06

Health: -4/23      AC:  1    Str: 14    XL:     3   Next: 54%
Magic:  3/3        EV: 13    Int: 10    God:    Makhleb [*.....]
Gold:   35         SH:  0    Dex: 14    Spells: 2/2 levels left

rFire   . . .        i - +0 orcbow
rCold   . . .        (shield currently unavailable)
rNeg    . . .        (helmet currently unavailable)
rPois   .            (no amulet)
rElec   .            f - ring of willpower
rCorr   .            (no ring)
SInv    .            (no ring)
Will    +....        (no ring)
Stlth   ++           (no ring)
HPRegen 0.23/turn    (no ring)
MPRegen 0.08/turn    (no ring)
                     (no ring)

%: no passive effects
@: beast-form
A: beast (slay +2), almost no armour, amphibious, 8 rings, camouflage 1,
gelatinous body 1, (nimble swimmer 1), tentacles
a: Begin Untransformation, Renounce Religion


You were on level 3 of the Dungeon.
You worshipped Makhleb.
Makhleb was aware of your devotion.
You were a hulking beast.
You visited 1 branch of the dungeon, and saw 3 of its levels.

You collected 35 gold pieces.

Inventory:

Hand Weapons
 i - a +0 orcbow (weapon)
Jewellery
 f - a ring of willpower (left tentacle)
Talismans
 b - a beast talisman
Scrolls
 c - 2 scrolls of immolation {unknown}
 d - a scroll of amnesia {unknown}
 e - a scroll of blinking {unknown}
 h - a scroll of silence {unknown}
Potions
 a - a potion of lignification
 g - a potion of haste {unknown}


   Skills:
 + Level 1.0 Fighting
 + Level 2.1 Dodging
 + Level 0.2 Stealth
 + Level 3.5 Unarmed Combat
 + Level 3.6 Shapeshifting


You had 2 spell levels left.
You didn't know any spells.
Your spell library contained the following spells:

 Spells                   Type           Power      Damage    Failure   Level
 Poisonous Vapours        Pois/Air       0%         N/A       50%         2
 Mephitic Cloud           Conj/Pois/Air  0%         N/A       75%         3
 Freezing Cloud           Conj/Ice/Air   0%         6-21      100%        5


Dungeon Overview and Level Annotations

Branches:
Dungeon (3/15)

Altars:
Makhleb
Nemelex Xobeh


Innate Abilities, Weirdness & Mutations

You are a hulking beast.
Your limbs bulge with bestial killing power. (Slay +2)
You cannot wear most types of armour.
You are amphibious.
You can wear up to eight rings at the same time.
Your skin changes colour to match your surroundings (Stealth+).
Your rubbery body absorbs attacks. (AC +1, EV +1)
((You are camouflaged when in or above water. (Stealth+)))
You have tentacles for arms and can constrict up to eight enemies at once.


Message History

Found a blackened cameo amulet.
The hobgoblin shouts!
You hear a shout!
The orc wizard gestures wildly while chanting.
The orc wizard flickers and vanishes!
Deactivating autopickup; reactivate with Ctrl-A.
An orc comes into view. It is wielding a +0 dagger.
An orc comes into view. It is wielding a +0 club.
You shoot an arrow. The orc shouts!
The arrow hits the kobold.
You kill the kobold!
Makhleb accepts your kill.
You hear a shout!
An orc comes into view. It is wielding a +0 hand axe.
You shoot an arrow. The arrow closely misses the hobgoblin.
The arrow hits the orc.
The orc is almost dead.
The hobgoblin barely misses you.
You shoot an arrow. The arrow barely misses the hobgoblin.
The arrow hits the orc!
You kill the orc!
Makhleb accepts your kill.
You hear the rapid rusting of a drain nearby.
Something hits you. The hobgoblin closely misses you. Something hits you.
The hobgoblin misses you.
You shoot an arrow. The arrow hits the hobgoblin.
You kill the hobgoblin!
Makhleb accepts your kill.
You hear some strange, mumbled words.
A magic dart appears from out of thin air!
The magic dart hits you!
You shoot an arrow. The arrow hits the orc.
The orc is lightly wounded.
Something hits you.
* * * LOW HITPOINT WARNING * * *
The orc completely misses you.
You hear some strange, mumbled words.
A puff of flame appears from out of thin air!
The puff of flame hits you!
You die...

...... ....#
....######
.........
.)....... #.
#o....... #.
#o{...!.. #.
#h)...... #.
#........
######.
#........
#....#.
#.#".....
#.##.#.
#.#.#####
#.#....
#.#.#..#
#.#..#. #.#
#..# #.#..#.
#.#
#..#####.#..#.
#.#
#..........[#.


You could see 2 orcs.

Vanquished Creatures
  An adder (D:2)
  A worm (D:2)
  An orc (D:3)
  2 endoplasms (D:2)
  2 giant cockroaches (D:2)
  4 hobgoblins
  4 kobolds
  A quokka (D:3)
  4 ball pythons (D:2)
  3 bats (D:2)
  A frilled lizard (D:2)
  3 goblins (D:2)
  A rat (D:1)
28 creatures vanquished.

Notes
Turn   | Place    | Note
-------+----------+-------------------------------------------
     0 | D:1      | shadowstone the Octopode Shapeshifter began the quest for
                  | the Orb.
     0 | D:1      | Reached XP level 1. HP: 13/13 MP: 1/1
   171 | D:2      | Reached XP level 2. HP: 17/18 MP: 2/2
   404 | D:2      | Reached XP level 3. HP: 23/23 MP: 3/3
   417 | D:2      | Found a faded altar of an unknown god.
   437 | D:2      | Prayed at the altar of an unknown god.
   437 | D:2      | Became a worshipper of Makhleb the Destroyer
   437 | D:2      | Reached * piety under Makhleb
   569 | D:2      | Found a sparkling altar of Nemelex Xobeh.
  1631 | D:3      | Killed from afar by an orc wizard

Illustrated notes

Levels and vault maps discovered:
D:1:      elethiomel_arrival_shortcut, layout_loops_ring, serial_shops,
          nicolae_shop_just_a_little_nook, minmay_curled_crystal, st_stairs_8,
          roderic_roman_lattice, nrook_mini_backslash
D:2:      layout_loops_cross, basic_ecumenical_altar, basic_altar,
          kennysheep_boxes
D:3:      layout_basic, dancing_weapons_uskayaw, cheibrodos_sewer_entry_drain

Action                     || total
---------------------------++-------
  Melee: Unarmed           ||    74
         Tentacles         ||    23
         Constrict         ||    20
         Punch             ||     3
   Fire: Orcbow            ||     5
   Stab: Distracted        ||     1
 Armour: Skin              ||     2
  Dodge: Dodged            ||    58
         Form:             ||     1
         Beast             ||     1

Table legend: (Time is in decaauts)
 A = Elapsed time spent in this place.
 B = Non-inter-level travel time spent in this place.
 C = Inter-level travel time spent in this place.
 D = Time resting spent in this place.
 E = Time spent auto-exploring this place.
 F = Levels seen in this place.
 G = Mean time per level.
                   A        B        C        D        E       F      G
               +--------+--------+--------+--------+--------+-----+--------+
         Total |   1628 |   1586 |     42 |    416 |    436 |   3 |  542.7 |
       Dungeon |   1628 |   1586 |     42 |    416 |    436 |   3 |  542.7 |
               +--------+--------+--------+--------+--------+-----+--------+

Top non-repeatable levels by time:
     D:2: 962 daAuts
     D:3: 613 daAuts
     D:1: 52 daAuts
